AoeStats
← Cofla22

Arabia

505248884Analyzed
1v1 RM · 22d ago on Sep 8, 2026· 43m 29s· 2 players
Game mode
Random Map
Map size
Tiny (2 player)
Population
200
Speed
Normal
Resources
Standard
Victory
Conquest
Starting age
Dark Age
Ending age
Imperial Age
RankedLock teamsTeams togetherTeam positionsShared explorationLock speedFull tech treeHidden civsTurbo modeCheats
Victory
Defeat
🇦🇷 Hindustanis · Argentina
1040
+16
🇨🇳 Persians · China
1035
-16
87Yroad
3:46 Loom
11:59 Feudal Age
12:43 Horse Collar
21:12 Castle Age
19:26 Double-Bit Axe
21:01 Stone Mining
21:04 Gold Mining
21:55 Pikeman
22:55 Bow Saw
31:39 Town Watch
35:19 Wheelbarrow
35:45 Squires
42:11 Kamandaran
42:49 Fletching
43:27 Heavy Plow
Cofla22
7:59 Loom
10:32 Feudal Age
11:54 Double-Bit Axe
17:14 Wheelbarrow
16:53 Horse Collar
20:54 Castle Age
19:10 Scale Barding Armor
19:20 Forging
20:51 Gold Mining
21:10 Scale Barding Armor
23:03 Bow Saw
22:57 Heavy Plow
24:11 Husbandry
24:22 Bloodlines
30:03 Iron Casting
36:21 Imperial Age
38:43 Hand Cart
38:39 Heavy Camel Rider
41:46 Imperial Camel Rider
Connection lost

Rejoining the realm…

Still unreachable

The connection could not be restored.

Session expired

The server has moved on; the page needs a fresh start.